 Dungeon Crawl Stone Soup version 0.30.1-9-gdf580d7c3d (webtiles) character file.

Game seed: 5403868057489539597

69020 boopmooplesden the Stickfighter (level 14, 0/138 HPs)
             Began as a Minotaur Fighter on Sept 28, 2023.
             Was a High Priest of Okawaru.
             Slain by an orc warrior
             ... wielding a +0 battleaxe
              (25 damage)
             ... on level 2 of the Orcish Mines.
             The game lasted 00:32:41 (21284 turns).

boopmooplesden the Stickfighter (Minotaur Fighter) Turns: 21284, Time: 00:32:41

Health: 0/138      AC: 34    Str: 23    XL:     14   Next: 88%
Magic:  23/23      EV: 19    Int:  9    God:    Okawaru [*****.]
Gold:   1725       SH:  5    Dex: 13    Spells: 13/13 levels left

rFire   + . .        k - +7 staff of the Meek {protect, meekguard}
rCold   + . .        (shield currently unavailable)
rNeg    . . .        V - +0 swamp dragon scales "Fogiad" {rPois rF+ Regen+ Dex+3}
rPois   +            j - +0 hat of Action {Harm MP+9 Int+4 Dex-3}
rElec   .            L - +0 cloak
rCorr   .            y - +0 pair of gloves
SInv    +            m - +2 pair of boots
Will    +....        q - amulet of reflection
Stlth   ++++         K - ring of protection from cold
HPRegen 1.23/turn    g - ring of see invisible
MPRegen 0.18/turn

%: harm (+30% outgoing, +20% incoming), reflection
@: heroic, under a protective aura, studying Unarmed Combat
A: horns 2, retaliatory headbutt
a: Renounce Religion, Heroism, Finesse, Duel


You were on level 2 of the Orcish Mines.
You worshipped Okawaru.
Okawaru was extremely pleased with you.
You visited 4 branches of the dungeon, and saw 19 of its levels.
You also visited: Ossuary.

You collected 1725 gold pieces.

Inventory:

Hand Weapons
 a - a +1 long sword
 k - the +7 staff of the Meek (weapon) {protect, meekguard}
   (You took it off a hobgoblin on level 3 of the Dungeon)
 n - a +4 whip of freezing
 A - a +0 long sword of flaming
Missiles
 o - 11 javelins (quivered)
Armour
 c - the sphere of Battle
   (You found it on level 9 of the Dungeon)

   It enhances your destructive magic.
   It weakens your non-destructive magic.
   It summons a battlesphere in combat, with strength depending on Conjurations
   skill.
 j - the +0 hat of Action (worn) {Harm MP+9 Int+4 Dex-3}
   (Okawaru gifted it to you on level 1 of the Lair of Beasts)

   Int:       It affects your intelligence (+4).
   Dex:       It affects your dexterity (-3).
   MP:        It affects your magic capacity (+9).
   Harm:      It increases damage dealt and taken.
 m - a +2 pair of boots (worn)
 y - a +0 pair of gloves (worn)
 L - a +0 cloak (worn)
 R - +0 steam dragon scales
 T - the +0 scale mail "Fifat" {Will+ Int+2}
   (You found it on level 11 of the Dungeon)

   Int:       It affects your intelligence (+2).
   Will:      It increases your willpower.
 V - the +0 swamp dragon scales "Fogiad" (worn) {rPois rF+ Regen+ Dex+3}
   (Okawaru gifted it to you on level 2 of the Lair of Beasts)

   Dex:       It affects your dexterity (+3).
   rF:        It protects you from fire.
   rPois:     It protects you from poison.
   Regen:     It increases your rate of health regeneration.
Jewellery
 g - a ring of see invisible (right hand)
 q - an amulet of reflection (around neck)
 s - an amulet of guardian spirit
 B - an amulet of magic regeneration
 F - a +6 ring of intelligence
 H - an amulet of the acrobat
 J - a +4 ring of protection
 K - a ring of protection from cold (left hand)
Wands
 r - a wand of light (5)
 E - a wand of polymorph (14)
 G - a wand of flame (14)
 I - a wand of mindburst (7)
 U - a wand of roots (19)
Scrolls
 f - 8 scrolls of identify
 t - 2 scrolls of fog
 v - 3 scrolls of amnesia
 C - 2 scrolls of fear
 S - 2 scrolls of magic mapping
 W - 2 scrolls of enchant weapon
 X - a scroll of enchant armour
Potions
 d - 5 potions of flight
 e - 3 potions of resistance
 h - 3 potions of cancellation
 i - 9 potions of curing
 l - 5 potions of degeneration
 p - 4 potions of berserk rage
 u - a potion of invisibility
 x - 3 potions of mutation
 z - 3 potions of brilliance
 D - 4 potions of attraction
 M - a potion of magic
 P - 5 potions of might
 Q - a potion of lignification
 Y - 2 potions of haste
Miscellaneous
 N - a lightning rod (4/4)
 Z - a piece from Xom's chessboard (15/15)


   Skills:
 + Level 16.6(21.6) Fighting
 + Level 5.3(10.3) Long Blades
 + Level 17.0(22.0) Staves
 + Level 0.4(5.4) Throwing
 + Level 12.8(17.8) Armour
 + Level 12.3(17.3) Dodging
 + Level 4.7(9.7) Stealth
 + Level 8.5(13.5) Shields
 + Level 1.3(6.3) Unarmed Combat
 + Level 2.4 Invocations


You had 13 spell levels left.
You didn't know any spells.
Your spell library contained the following spells:

 Spells                   Type           Power      Damage    Failure   Level
 Beastly Appendage        Tmut           0%         N/A       47%         1
 Kiss of Death            Conj/Necr      0%         2d5       47%         1
 Magic Dart               Conj           0%         1d3       47%         1
 Sandblast                Erth           0%         2d4       47%         1
 Shock                    Conj/Air       0%         1d3       47%         1
 Slow                     Hex            0%         N/A       47%         1
 Passwall                 Tmut/Erth      0%         N/A       63%         2
 Sublimation of Blood     Necr           0%         N/A       63%         2
 Wereblood                Tmut           0%         N/A       63%         2
 Confusing Touch          Hex            0%         N/A       85%         3
 Hailstorm                Conj/Ice       0%         3d3       85%         3
 Inner Flame              Hex/Fire       0%         N/A       85%         3
 Mephitic Cloud           Conj/Pois/Air  0%         N/A       85%         3
 Portal Projectile        Hex/Tloc       0%         N/A       85%         3
 Spider Form              Tmut/Pois      0%         N/A       85%         3
 Stone Arrow              Conj/Erth      0%         3d7       85%         3
 Swiftness                Air            0%         N/A       85%         3
 Vampiric Draining        Necr           0%         2d6       85%         3
 Volatile Blastmotes      Fire/Tloc      0%         2d10      85%         3
 Airstrike                Air            0%         2d(0-16)  99%         4
 Fulminant Prism          Conj/Hex       0%         3d5       99%         4
 Ice Form                 Ice/Tmut       0%         N/A       99%         4
 Iskenderun's Mystic Bla  Conj/Tloc      0%         2d3       99%         4
 Leda's Liquefaction      Hex/Erth       0%         N/A       99%         4
 Petrify                  Tmut/Erth      0%         N/A       99%         4
 Borgnjor's Vile Clutch   Necr/Erth      0%         N/A       100%        5
 Irradiate                Conj/Tmut      0%         3d11      100%        5
 Lee's Rapid Deconstruct  Erth           0%         3d4*      100%        5
 Yara's Violent Unravell  Hex/Tmut       0%         3d3       100%        5
 Dispersal                Tloc           0%         N/A       100%        6
 Enfeeble                 Hex            0%         N/A       100%        7
 Fire Storm               Conj/Fire      0%         5d1       100%        9
 Call Imp                 Summ           Unusable   N/A       N/A         2
 Call Canine Familiar     Summ           Unusable   N/A       N/A         3
 Animate Dead             Necr           Unusable   N/A       N/A         4
 Death Channel            Necr           Unusable   N/A       N/A         6
 Simulacrum               Ice/Necr       Unusable   N/A       N/A         6

Dungeon Overview and Level Annotations

Branches:
Dungeon (11/15)            Temple (1/1) D:7            Lair (5/5) D:8
  Swamp (0/4) Lair:2       Spider (0/4) Lair:2        Slime (0/5) Lair:5
    Orc (2/2) D:11            Elf (0/3) Orc:2       Ossuary (visited)

Altars:
Ashenzari
Cheibriados
Dithmenos
Elyvilon
Fedhas
Gozag
Hepliaklqana
Kikubaaqudgha
Makhleb
Nemelex Xobeh
Okawaru
Qazlal
Ru
Sif Muna
Trog
Uskayaw
Vehumet
Wu Jian
Xom
Yredelemnul
The Shining One
Jiyva
Lugonu

Portals:
Abyss: Lair:5


Innate Abilities, Weirdness & Mutations

You have a pair of horns on your head.
You reflexively headbutt those who attack you in melee.


Message History

The orc knight is severely wounded.
The orc warrior barely misses you. You block the orc warrior's attack.
The orc priest closely misses you. The orc warrior misses you.
You furiously retaliate!
You headbutt the orc warrior.
You kill the orc warrior!
Okawaru accepts your kill.
You hit the orc knight but do no damage.
You headbutt the orc knight, but do no damage.
The orc knight is severely wounded.
The orc knight no longer looks unusually strong.
The orc warrior closely misses you. You furiously retaliate!
You headbutt the orc warrior! The orc knight closely misses you.
You furiously retaliate!
You headbutt the orc knight! You sock the orc knight!
You kill the orc knight!
Okawaru accepts your kill.
The orc warrior no longer looks unusually strong. x2
You block the orc warrior's attack.
The orc warrior hits you with a +0 long sword!
* * * LOW HITPOINT WARNING * * *
The orc priest hits you but does no damage.
You bludgeon the orc warrior!!
You kill the orc warrior!
The orc warrior attacks as you move away!
The orc warrior hits you but does no damage.
You block the orc warrior's attack. The orc warrior misses you.
You furiously retaliate!
You headbutt the orc warrior.
You kill the orc warrior!
Okawaru accepts your kill.
The orc warrior hits you but does no damage.
The orc priest looks encouraged for a moment.
The orc warrior hits you with a +0 war axe!
* * * LOW HITPOINT WARNING * * *
Items here: )) [ †.
Unknown command.
You hit the orc priest.
The orc priest is lightly wounded.
The orc priest no longer looks unusually strong.
The orc warrior hits you with a +0 battleaxe!!
You die...

### o..#... #######.#
....o..... ##.#.#...#
..#o..#... #........#
.........# ##......).#
..#.oo#..# #......oo##
#...oo..#
.###......o@o#######oo.#####
...........oo#....ooo..)...#
...........oo#....oooo.).)..
#...........o.§)o..3..))...
##...............o4...))).)
##...#......................
.......)................)...
......#.....................
.^...#......................


You could see 5 orc warriors, 3 orc priests and an orc.

Vanquished Creatures
  Snorg (D:11)
  5 hydras
  Harold (Lair:2)
  A catoblepas (Lair:1)
  A boulder beetle (Lair:3)
  6 two-headed ogres
  Erica (Lair:2)
  3 thrashing horrors (Lair:5)
  3 orc high priests (Orc:2)
  A death yak (Lair:3)
  Sonja (Lair:4)
  2 skysharks
  The ghost of Xrynn the Unseen, a novice SpEn of Okawaru (D:11)
  A deep elf pyromancer (Orc:2)
  2 ugly things
  A deep elf zephyrmancer (Orc:2)
  5 orc knights (Orc:2)
  2 cyclopes
  4 large abominations (Lair:5)
  Maurice (D:8)
  23 elephants
  2 slime creatures (D:7)
  2 smoke demons (Lair:5)
  A torpor snail (Lair:3)
  2 gargoyles (D:7)
  7 cane toads
  A kobold demonologist (D:10)
  Maggie (D:8)
  2 rime drakes
  2 tengu conjurers (D:9)
  7 komodo dragons
  2 ancient zymes (Lair:5)
  4 trolls
  6 polar bears
  25 blink frogs
  A dream sheep (Lair:2)
  A spriggan (Lair:5)
  4 wyverns
  A wraith (Ossuary)
  3 ynoxinuls (Lair:5)
  51 yaks
  2 humans
  Grum (Lair:1)
  6 basilisks
  4 hogs (D:8)
  7 vampire mosquitoes (D:11)
  2 steam dragons
  2 chaos spawn (Lair:5)
  4 wargs
  Duvessa (D:4)
  17 water moccasins
  22 orc warriors
  10 small abominations (Lair:5)
  2 ice beasts
  5 sky beasts
  A swamp drake (Orc:2)
  20 wolves
  4 ogres
  5 centaurs
  A phantom (D:5)
  An elf zombie (Ossuary)
  5 kobold brigands
  8 bullfrogs
  5 gnoll sergeants
  5 scorpions
  Blork the orc (D:6)
  7 wights
  Dowan (D:4)
  4 killer bees (D:8)
  An electric eel (D:10)
  2 howler monkeys
  A crimson imp (Orc:2)
  An iron imp (Orc:2)
  3 jellies
  5 hounds
  26 orc priests
  6 iguanas
  18 orc wizards
  3 mummies (Ossuary)
  Robin (D:3)
  23 gnolls
  7 adders
  3 shadow imps
  3 white imps
  An ufetubus (D:5)
  4 dart slugs
  79 orcs
  7 endoplasms
  4 giant cockroaches
  13 goblins
  12 hobgoblins
  4 jackals (D:5)
  3 quokkas
  8 ball pythons
  9 bats
  3 frilled lizards
  A goblin zombie (Ossuary)
  3 hobgoblin zombies (Ossuary)
  29 kobolds
  3 kobold zombies (Ossuary)
  5 rats
635 creatures vanquished.

Vanquished Creatures (others)
  A blink frog (Lair:5)
  3 orcs (D:8)
4 creatures vanquished.

Grand Total: 639 creatures vanquished

Notes
Turn   | Place    | Note
-------+----------+-------------------------------------------
     0 | D:1      | boopmooplesden the Minotaur Fighter began the quest for the
                  | Orb.
     0 | D:1      | Reached XP level 1. HP: 19/19 MP: 0/0
    68 | D:1      | Reached XP level 2. HP: 13/27 MP: 1/1
   365 | D:1      | Reached XP level 3. HP: 34/34 MP: 2/2
   803 | D:2      | Reached skill level 1 in Dodging
   947 | D:2      | Reached XP level 4. HP: 41/41 MP: 3/3
  1842 | D:3      | Reached XP level 5. HP: 47/47 MP: 4/4
  1922 | D:3      | Noticed Robin
  1944 | D:3      | Killed Robin
  2268 | D:3      | Noticed a centaur
  2281 | D:3      | Killed a centaur
  2462 | D:3      | Found a faded altar of an unknown god.
  2579 | D:4      | Noticed Duvessa
  2584 | D:4      | Noticed Dowan
  2592 | D:4      | Killed Duvessa
  2593 | D:4      | Reached skill level 1 in Staves
  2593 | D:4      | Reached skill level 5 in Armour
  2593 | D:4      | Reached XP level 6. HP: 48/55 MP: 5/5
  2597 | D:4      | Killed Dowan
  2598 | D:4      | Reached skill level 2 in Staves
  2684 | D:4      | Reached skill level 5 in Long Blades
  2689 | D:4      | Reached skill level 3 in Staves
  2749 | D:4      | Reached skill level 5 in Fighting
  2749 | D:4      | Reached XP level 7. HP: 61/61 MP: 6/6
  2758 | D:4      | Found a shimmering blue altar of Sif Muna.
  2760 | D:4      | Found a snail-covered altar of Cheibriados.
  2761 | D:4      | Found a hazy altar of Hepliaklqana.
  2855 | D:4      | Reached skill level 4 in Staves
  2923 | D:4      | Found a sparkling altar of Nemelex Xobeh.
  2925 | D:4      | Found a broken altar of Ashenzari.
  2983 | D:4      | Reached skill level 5 in Staves
  3013 | D:4      | Found an opulent altar of Gozag.
  3353 | D:5      | Entered Level 5 of the Dungeon
  3411 | D:5      | Reached XP level 8. HP: 57/69 MP: 7/7
  3428 | D:5      | Reached skill level 6 in Staves
  3449 | D:5      | Found a stormy altar of Qazlal.
  3450 | D:5      | Noticed an air elemental
  3500 | D:5      | Found a sand-covered staircase.
  3505 | Ossuary  | Entered an ossuary
  3943 | Ossuary  | Reached skill level 7 in Staves
  4331 | D:5      | Noticed a +0 dagger
  4339 | D:5      | Noticed a +0 hand axe
  4341 | D:5      | Found a hide-covered altar of Uskayaw.
  4698 | D:6      | Reached skill level 8 in Staves
  4703 | D:6      | Noticed Blork the orc
  4713 | D:6      | Killed Blork the orc
  4800 | D:6      | Reached XP level 9. HP: 62/79 MP: 8/8
  5343 | D:6      | Reached skill level 9 in Staves
  5704 | D:6      | Reached skill level 5 in Dodging
  6148 | D:7      | Reached skill level 10 in Staves
  6173 | D:7      | Found a staircase to the Ecumenical Temple.
  6184 | Temple   | Entered the Ecumenical Temple
  6184 | Temple   | Found a transporter.
  6184 | Temple   | Found a transporter.
  6186 | Temple   | Found a transporter.
  6186 | Temple   | Found a transporter.
  6206 | Temple   | Became a worshipper of Warmaster Okawaru
  6534 | D:7      | Reached skill level 1 in Stealth
  6596 | D:7      | Noticed a gargoyle
  6610 | D:7      | Killed a gargoyle
  6610 | D:7      | Reached * piety under Okawaru
  6611 | D:7      | Reached skill level 11 in Staves
  6611 | D:7      | Reached XP level 10. HP: 53/90 MP: 9/9
  6897 | D:7      | Found the dreamshard necklace {*Dream Drain}
  6897 | D:7      | Noticed a two-headed ogre
  6897 | D:7      | Noticed a two-headed ogre
  6897 | D:7      | Noticed a brown ugly thing
  6897 | D:7      | Noticed a cyclops
  6897 | D:7      | Noticed a gargoyle
  6923 | D:7      | Killed a cyclops
  6929 | D:7      | Killed a two-headed ogre
  6929 | D:7      | Reached ** piety under Okawaru
  6930 | D:7      | Reached skill level 12 in Staves
  6932 | D:7      | Killed a brown ugly thing
  6936 | D:7      | Killed a gargoyle
  6958 | D:7      | Killed a two-headed ogre
  6982 | D:7      | Got Luuwn's Atlas of Twisted Hurting
  7226 | D:8      | Noticed Maurice
  7245 | D:8      | Reached *** piety under Okawaru
  7246 | D:8      | Reached skill level 13 in Staves
  7252 | D:8      | Noticed Maggie
  7257 | D:8      | Reached XP level 11. HP: 63/99 MP: 10/10
  7278 | D:8      | Killed Maggie
  7282 | D:8      | Reached skill level 10 in Fighting
  7674 | D:8      | Killed Maurice
  7675 | D:8      | Reached skill level 1 in Unarmed Combat
  7684 | D:8      | Found a staircase to the Lair.
  8207 | D:8      | Found a blossoming altar of Fedhas.
  8479 | D:8      | Reached skill level 10 in Armour
  8507 | D:8      | Reached **** piety under Okawaru
  8595 | D:8      | Found a shadowy altar of Dithmenos.
  8932 | D:9      | Reached skill level 14 in Staves
  9654 | D:9      | Found the sphere of Battle
  9977 | D:10     | Entered Level 10 of the Dungeon
 10109 | D:10     | Reached skill level 1 in Invocations
 10591 | D:10     | Noticed a two-headed ogre
 10605 | D:10     | Killed a two-headed ogre
 10605 | D:10     | HP: 5/102 [electric eel/bolt of electricity (13)]
 10860 | D:10     | Found a white marble altar of Elyvilon.
 10861 | D:10     | Found a bloodstained altar of Trog.
 10896 | D:10     | Found a radiant altar of Vehumet.
 11210 | D:10     | Identified a scroll of acquirement
 11210 | D:10     | Acquired a manual of Unarmed Combat
 11317 | D:11     | Reached ***** piety under Okawaru
 11318 | D:11     | Reached XP level 12. HP: 99/110 MP: 12/12
 11499 | D:11     | Noticed a two-headed ogre
 11513 | D:11     | Killed a two-headed ogre
 11517 | D:11     | Found a staircase to the Orcish Mines.
 11705 | D:11     | Noticed Snorg
 11719 | D:11     | Killed Snorg
 11888 | D:11     | Found a runed translucent door.
 11894 | D:11     | Noticed Xrynn's ghost (novice SpEn)
 11950 | D:11     | Noticed a two-headed ogre
 11962 | D:11     | Killed a two-headed ogre
 12053 | D:11     | Noticed a two-headed ogre
 12056 | D:11     | Identified the +0 scale mail "Fifat" {Will+ Int+2}
 12063 | D:11     | Killed a two-headed ogre
 12657 | D:11     | Killed Xrynn's ghost
 12658 | D:11     | Reached skill level 15 in Staves
 12748 | Lair:1   | Entered Level 1 of the Lair of Beasts
 12748 | Lair:1   | Noticed a catoblepas
 12769 | Lair:1   | Noticed Grum
 12774 | Lair:1   | HP: 5/113 [catoblepas (13)]
 12775 | Lair:1   | HP: 2/113 [wolf (3)]
 12797 | Lair:1   | Identified the +0 hat of Action {Harm MP+9 Int+4 Dex-3}
                  | (Okawaru gifted it to you on level 1 of the Lair of Beasts)
 12797 | Lair:1   | Received a gift from Okawaru
 12801 | Lair:1   | Killed Grum
 12809 | Lair:1   | Killed a catoblepas
 13207 | Lair:1   | Reached skill level 5 in Shields
 13915 | Lair:2   | Found a hole to the Spider Nest.
 13945 | Lair:2   | Noticed Harold
 13969 | Lair:2   | Killed Harold
 13970 | Lair:2   | Reached XP level 13. HP: 75/123 MP: 13/13
 14226 | Lair:2   | Noticed Erica
 14256 | Lair:2   | Killed Erica
 14262 | Lair:2   | Reached skill level 10 in Dodging
 14541 | Lair:2   | Found a staircase to the Swamp.
 14856 | Lair:2   | Reached ****** piety under Okawaru
 14878 | Lair:2   | Identified the +0 swamp dragon scales "Fogiad" {rPois rF+
                  | Regen+ Dex+3} (Okawaru gifted it to you on level 2 of the
                  | Lair of Beasts)
 14878 | Lair:2   | Received a gift from Okawaru
 15343 | Lair:3   | Found an ornate altar of the Wu Jian Council.
 15796 | Lair:3   | Reached skill level 16 in Staves
 16416 | Lair:3   | Reached skill level 15 in Fighting
 16903 | Lair:4   | Reached XP level 14. HP: 44/135 MP: 14/14
 16909 | Lair:4   | Received a gift from Okawaru
 17131 | Lair:4   | Noticed Sonja
 17136 | Lair:4   | Killed Sonja
 17980 | Lair:5   | Entered Level 5 of the Lair of Beasts
 18246 | Lair:5   | Identified the +2 hand axe of the Priest {pain, *Slow rElec
                  | Int+5}
 18372 | Lair:5   | Found a viscous altar of Jiyva.
 18373 | Lair:5   | Found a staircase to the Slime Pits.
 18601 | Lair:5   | Received a gift from Okawaru
 19541 | Lair:5   | Identified the +0 robe "Kybburphi" {rElec rF- Dex+6}
                  | (Okawaru gifted it to you on level 5 of the Lair of Beasts)
 19541 | Lair:5   | Received a gift from Okawaru
 20162 | Lair:5   | Found a corrupted altar of Lugonu.
 20162 | Lair:5   | Found a one-way gate to the infinite horrors of the Abyss.
 20432 | Orc:1    | Entered Level 1 of the Orcish Mines
 20454 | Orc:2    | Entered Level 2 of the Orcish Mines
 20810 | Orc:2    | Found a staircase to the Elven Halls.
 21262 | Orc:2    | Reached skill level 17 in Staves
 21284 | Orc:2    | Slain by an orc warrior

Illustrated notes

Levels and vault maps discovered:
D:1:      reono_arrival_mine, layout_loops_ring
D:2:      layout_basic, minmay_pentomino_v2
D:3:      layout_loops_cross, basic_ecumenical_altar, hangedman_decor_growths,
          uniq_robin
D:4:      layout_loops_cross, chequers_temple_overflow_statue_of_worship,
          nicolae_overflow_hidden_temple, uniq_duvessa
D:5:      layout_loops_cross, dancing_weapons_uskayaw,
          nicolae_qazlal_style_of_elements,
          nicolae_ossuary_entry_false_entrances
D:6:      layout_basic, minmay_starry_boxes, uniq_blork_the_orc
D:7:      minmay_the_grid_square_5x5_3x3
          [minmay_the_grid_square_5x5_three_small,
          minmay_the_grid_square_5x5_tetrominoes,
          minmay_the_grid_square_5x5_pentomino_r,
          minmay_the_grid_square_5x5_hourglass,
          minmay_the_grid_square_5x5_megaprize_open,
          minmay_the_grid_square_5x5_detours,
          minmay_the_grid_square_5x5_half_checkered,
          minmay_the_grid_square_5x5_meh, minmay_the_grid_square_5x5_plus],
          layout_loops_ring, minmay_temple_entry_sparse_star,
          minmay_misc_feat_tiny
D:8:      layout_loops_corners, fedhas_altar_4,
          mainiacjoe_overflow_concentric_impassable, minmay_lair_entry_grove,
          grunt_livestock, uniq_maurice, uniq_maggie
D:9:      layout_long_grid, hellmonk_guarded_unrand_sphere_of_battle
D:10:     kennysheep_blocky_hall, layout_basic, vehumet_altar_wand_db,
          nicolae_overflow_squiral, nrook_campfire
D:11:     layout_loops_cross, erik_orc_4, ebering_ghost_inner_flame, uniq_snorg
Temple:   hellmonk_temple_divided_pantheon
Lair:1:   layout_misc_corridors, grunt_megastairs_5, uniq_grum
Lair:2:   layout_loops_ring, swamp_mist, spider_nest_entry_web_field,
          hangedman_lair_generics_rect, uniq_erica, uniq_harold
Lair:3:   layout_small_grid, basic_altar, nzn_sisyphean_effort
Lair:4:   layout_roguey, uniq_sonja
Lair:5:   hellmonk_lair_end_abyssal_woods, layout_regular_city,
          dpeg_slime_entry_enclosed
Orc:1:    layout_diamond_mine, ebering_ghost_xom
Orc:2:    st_orc_pillars, layout_diamond_mine, hangedman_minor_magic

Skill      XL: |  1  2  3  4  5  6  7  8  9 10 11 12 13 14 |
---------------+-------------------------------------------+-----
Fighting       | 4 5 7 8 9 11 13 15 16 | 16.6
Shields        | 4 5 7 8 |  8.5
Armour         | 4 5 6 7 9 10 11 12 | 12.8
Dodging        | 1 2 3 4 5 7 9 10 12 | 12.3
Long Blades    | 3 4 5 |  5.3
Staves         | 1 3 5 8 11 13 14 15 16 17 | 17.0
Stealth        | 1 2 4 |  4.7
Unarmed Combat | 1 |  1.3
Invocations    | 1 2 |  2.4
Throwing       | |  0.4

Action                     |  1- 3 |  4- 6 |  7- 9 | 10-12 | 13-15 || total
---------------------------+-------+-------+-------+-------+-------++-------
  Melee: Long sword        |    69 |    88 |       |       |       ||   157
         Headbutt          |    14 |    15 |    41 |   117 |   190 ||   377
         Quarterstaff      |       |    38 |   273 |   647 |   725 ||  1683
         Unarmed           |       |       |     5 |    29 |       ||    34
  Throw: Javelin           |       |       |       |     2 |     2 ||     4
 Invoke: Heroism           |       |       |       |    10 |     9 ||    19
    Use: Scroll            |       |     8 |     7 |    15 |     6 ||    36
         Potion            |       |     2 |       |     9 |     1 ||    12
   Stab: Distracted        |       |       |       |     1 |       ||     1
         Petrified         |       |       |       |     9 |       ||     9
         Petrifying        |       |       |       |     1 |       ||     1
         Sleeping          |       |       |       |       |     4 ||     4
 Armour: Scale mail        |    39 |    81 |    85 |   121 |   299 ||   625
         Chain mail        |       |       |    58 |   107 |       ||   165
         Steam dragon scal |       |       |       |   142 |       ||   142
         Skin              |       |       |       |    62 |       ||    62
         Swamp dragon scal |       |       |       |       |    70 ||    70
  Dodge: Dodged            |    30 |    78 |   122 |   439 |   479 ||  1148
  Block: Buckler           |    19 |    23 |       |       |       ||    42
         Other             |       |       |       |    21 |   178 ||   199
         Reflection        |       |       |       |     1 |       ||     1
